 Dungeon Crawl Stone Soup version 0.17-a0-18-gc25b939 (webtiles) character file.

183 Kaesh the Ruffian (level 5, -6/53 HPs)
             Began as a Troll Monk on Mar 9, 2015.
             Mangled by an orc priest
             ... wielding a +0 flail
              (7 damage)
             ... on level 3 of the Dungeon.
             The game lasted 00:07:16 (1838 turns).

Kaesh the Ruffian (Troll Monk)                      Turns: 1838, Time: 00:07:17

Health: -6/53      AC:  6    Str: 19    XL:     5   Next: 35%
Magic:  2/2        EV: 11    Int:  6    God:
Gold:   114        SH:  0    Dex: 13    Spells: 0 memorised, 4 levels left

rFire  . . .     SeeInvis .       - Unarmed
rCold  . . .     Clarity  .     a - +0 robe
rNeg   . . .     SustAb   .     (shield restricted)
rPois  .         Gourm    +     (helmet restricted)
rElec  .         Spirit   .     q - +0 cloak
rCorr  .         Warding  .     (gloves unavailable)
rMut   .         Stasis   .     (boots unavailable)
MR     .....                    (no amulet)
Stlth  +.........               (no ring)
                                (no ring)

@: not resistant to hostile enchantments, very unstealthy
A: unfitting armour, claws 3, fast metabolism 3, gourmand, regeneration 2,
shaggy fur 1, tough skin 2
a: no special abilities


You were on level 3 of the Dungeon.
You were not hungry.

You visited 1 branch of the dungeon, and saw 3 of its levels.

You collected 114 gold pieces.

Inventory:

Armour
 a - a +0 robe (worn)
 q - a +0 cloak (worn)
Scrolls
 c - 3 scrolls of remove curse {unknown}
 e - a scroll of immolation {unknown}
 h - a scroll of fear {unknown}
 j - 3 scrolls of enchant armour {unknown}
 o - a scroll of random uselessness {unknown}
Potions
 d - a potion of invisibility {unknown}
 f - 3 potions of curing {unknown}
 g - a potion of resistance {unknown}
 n - a potion of brilliance {unknown}
 r - a potion of decay {unknown}
Books
 k - a book of Envenomations

   Spells                             Type                      Level
   a - Spider Form                    Transmutation/Poison         3
   b - Alistair's Intoxication        Transmutation/Poison         4
   c - Olgreb's Toxic Radiance        Poison                       4
   d - Poisonous Cloud                Conjuration/Poison/Air       6
Comestibles
 b - 5 meat rations
 i - 2 slices of pizza
 l - 4 chunks of flesh
 m - a beef jerky
 p - 2 fruits


   Skills:
 + Level 3.1 Fighting
 + Level 1.6 Armour
 + Level 3.4 Dodging
 - Level 1.1 Stealth
 + Level 4.9 Unarmed Combat


You had 4 spell levels left.
You didn't know any spells.

Dungeon Overview and Level Annotations

Branches:
Dungeon (3/15)

Altars:
Qazlal

Annotations:
D:3 Grinder


Innate Abilities, Weirdness & Mutations

You are too large for most types of armour.
You have claws for hands.
Your metabolism is lightning-fast.
You like to eat raw meat.
You heal very quickly.
You are covered in fur (AC +1).
You have very tough skin (AC +2).


Message History

The orc priest mumbles some strange prayers to Beogh against you.
Something smites you! The orc hits you with a whip!
You scratch the orc but do no damage. Your claw misses the orc.
The orc is heavily wounded.
The orc hits you with a hand axe.
* * * LOW HITPOINT WARNING * * *
The orc priest mumbles some strange prayers to Beogh against you.
You barely resist. The orc hits you but does no damage.
Unknown command.
You closely miss the orc priest. The orc priest hits you with a flail!
* * * LOW HITPOINT WARNING * * *
You scratch the orc priest but do no damage.
The orc hits you with a whip.
* * * LOW HITPOINT WARNING * * *
The orc hits you with a hand axe.
* * * LOW HITPOINT WARNING * * *
You scratch the orc priest but do no damage.
The orc is no longer bleeding.
The orc barely misses you. The orc priest hits you with a flail!
You die...

#...<...#
.......#
......#
.....###
#......#
####.####
#...)...#.#
#...oo.$#.# ##
#..o@.[.#.###
..
#............
#.#.........##
#.........###
###.......#
####....#
#...### #...#
#...#


You could see an orc priest and 2 orcs.

Vanquished Creatures
  3 orc wizards (D:3)
  Ijyb (D:2)
  An adder (D:2)
  3 worms (D:2)
  2 orcs (D:3)
  6 bats
  A giant cockroach (D:2)
  6 goblins
  8 hobgoblins
  5 jackals
  6 kobolds
  2 quokkas
  A giant gecko (D:1)
  A giant newt (D:2)
  12 rats
58 creatures vanquished.

Notes
Turn   | Place    | Note
--------------------------------------------------------------
     0 | D:1      | Kaesh, the Troll Monk, began the quest for the Orb.
     0 | D:1      | Reached XP level 1. HP: 22/22 MP: 1/1
   344 | D:1      | Reached XP level 2. HP: 29/29 MP: 1/1
   853 | D:2      | Found a stormy altar of Qazlal.
   887 | D:2      | Reached XP level 3. HP: 23/36 MP: 2/2
   990 | D:2      | Noticed Ijyb
  1011 | D:2      | Killed Ijyb
  1136 | D:2      | Reached skill level 1 in Armour
  1199 | D:2      | Reached XP level 4. HP: 42/44 MP: 2/2
  1646 | D:3      | Noticed Grinder
  1647 | D:3      | Paralysed by Grinder for 3 turns
  1723 | D:3      | Reached XP level 5. HP: 36/53 MP: 2/2
  1837 | D:3      | HP: 2/53 [orc/whip (3)]
  1838 | D:3      | Mangled by an orc priest

Action                   |  1- 3 |  4- 6 || total
-------------------------+-------+-------++-------
Melee: Unarmed           |   108 |    73 ||   181
 Stab: Sleeping          |     2 |       ||     2
  Eat: Chunk             |    14 |     1 ||    15
